 Dungeon Crawl Stone Soup version 0.31-a0-981-geadf994542 (webtiles) character file.

Game seed: 17257199802930367777

86 Gargoyl the Chopper (level 4, -2/29 HPs)
             Began as a Gargoyle Berserker on Nov 1, 2023.
             Was a Believer of Trog.
             Slain by an orc
             ... wielding a +0 falchion
              (4 damage)
             ... on level 3 of the Dungeon.
             The game lasted 00:02:58 (1834 turns).

Gargoyl the Chopper (Gargoyle Berserker)            Turns: 1834, Time: 00:02:58

Health: -2/29      AC: 10    Str: 19 (20) XL:     4   Next: 49%
Magic:  4/4        EV: 11    Int:  5 (8)  God:    Trog [**....]
Gold:   126        SH:  0    Dex: 10 (11) Spells: 3/3 levels left

rFire   . . .        a - +0 hand axe
rCold   . . .        (no shield)
rNeg    + . .        f - +0 ring mail
rPois   ∞            b - +0 helmet
rElec   +            (no cloak)
rCorr   .            (no gloves)
SInv    .            (no boots)
Will    ++...        (no amulet)
Stlth   +            (no ring)
HPRegen 1.24/turn    (no ring)
MPRegen 0.09/turn

%: no passive effects
@: about to teleport, strong-willed, regenerating
A: sickness immunity, AC +3, negative energy resistance 1, electricity
resistance, torment resistance 1, petrification resistance
a: Renounce Religion, Berserk, Trog's Hand


You were on level 3 of the Dungeon.
You worshipped Trog.
Trog was pleased with you.
You visited 1 branch of the dungeon, and saw 3 of its levels.

You collected 126 gold pieces.

Inventory:

Hand Weapons
 a - a +0 hand axe (weapon)
Missiles
 m - 2 poisoned darts
Armour
 b - a +0 helmet (worn)
 f - a +0 ring mail (worn)
Jewellery
 o - an amulet of the acrobat
 q - a ring of flight
Scrolls
 k - 3 scrolls of enchant armour
 n - a scroll of fog
 r - 3 scrolls of identify
Potions
 c - 2 potions of magic


   Skills:
 + Level 3.7 Fighting
 + Level 3.9 Axes
 + Level 2.4 Armour
 + Level 2.1 Dodging
 + Level 0.2 Stealth


You had 3 spell levels left.
You didn't know any spells.
Your spell library was empty.

Dungeon Overview and Level Annotations

Branches:
Dungeon (3/15)

Altars:
Kikubaaqudgha
Nemelex Xobeh
The Shining One


Innate Abilities, Weirdness & Mutations

You are immune to sickness and miasma.
Your stone body is resilient. (AC +3)
You are immune to poison.
You resist negative energy. (rN+)
You are resistant to electric shocks. (rElec)
You are resistant to unholy torment.
You are immune to petrification.


Message History

Unknown command.
It was a potion of brilliance.
You feel clever all of a sudden. The orc barely misses you.
Something hits you but does no damage. The orc closely misses you.
The orc hits you but does no damage.
Unknown command.
It was a potion of might.
You feel very mighty all of a sudden. The orc hits you but does no damage.
Something hits you but does no damage. The orc hits you but does no damage.
The orc barely misses you.
Okay, then.
It was a potion of lignification.
You turn into a tree.
Your +0 helmet melds into your body.
Your +0 ring mail melds into your body.
Your roots penetrate the ground.
The orc hits you with a +0 falchion.
* * * LOW HITPOINT WARNING * * *
Something hits you but does no damage. The orc hits you but does no damage. x2
It was a potion of enlightenment.
Your roots keep you in place.
The orc hits you but does no damage. Something hits you.
* * * LOW HITPOINT WARNING * * *
The orc barely misses you. The orc hits you but does no damage.
It was a potion of haste.
You feel yourself speed up. The orc hits you but does no damage.
Something hits you but does no damage. The orc hits you but does no damage.
The orc barely misses you.
It was a potion of cancellation.
Your magical effects are unravelling.
You feel magically purged.
You feel less wooden.
Your +0 helmet unmelds from your body.
Your +0 ring mail unmelds from your body.
You feel yourself slow down.
You feel a little less mighty now.
You feel a little less clever now.
Your enlightenment fades.
The orc hits you with a +0 falchion.
* * * LOW HITPOINT WARNING * * *
Something hits you but does no damage. The orc hits you with a +0 club.
* * * LOW HITPOINT WARNING * * *
The orc closely misses you.
Okay, then.
As you read the scroll of teleportation, it crumbles to dust.
You feel strangely unstable. The orc hits you with a +0 falchion.
You die...

###********#### #..,,,,,,,,,..#
## #.########**#.# #.
###........####.## #.
#....####........###. #....#
#.........†... #....#
##..##....###. #..)o#
##.##.#.## #.
**********#..o@#***#.##.#.####.
*,,,,,.......{o..............>.
*,****#.###...............###..
*,* *>* #..#######.##.### #..
*,* *,* #..* #>##.# #.# *,* *,*
#..* *,**,****#.* *,* *,*
#..*******,**,,*,,..* *,* *,*
#..,,,,,,,,,,,,,*...* *,* *,*
************,,*,..#.,


You could see 3 orcs.

Vanquished Creatures
  4 adders
  A dart slug (D:1)
  5 orcs (D:3)
  6 bats
  An endoplasm (D:1)
  4 giant cockroaches
  6 goblins
  A hobgoblin (D:2)
  3 kobolds (D:1)
  2 quokkas
  2 frilled lizards
  4 rats
39 creatures vanquished.

Vanquished Creatures (collateral kills)
  A hobgoblin (D:3)
1 creature vanquished.

Grand Total: 40 creatures vanquished

Notes
Turn   | Place    | Note
-------+----------+-------------------------------------------
     0 | D:1      | Gargoyl the Gargoyle Berserker began the quest for the Orb.
     0 | D:1      | Reached XP level 1. HP: 14/14 MP: 1/1
   249 | D:1      | Reached XP level 2. HP: 18/19 MP: 2/2
   827 | D:2      | Reached XP level 3. HP: 22/23 MP: 3/3
  1051 | D:2      | Found a faded altar of an unknown god.
  1062 | D:2      | Found a sparkling altar of Nemelex Xobeh.
  1451 | D:3      | Found a faded altar of an unknown god.
  1463 | D:3      | Found an ancient bone altar of Kikubaaqudgha.
  1565 | D:3      | Reached XP level 4. HP: 28/29 MP: 4/4
  1632 | D:3      | Reached ** piety under Trog
  1649 | D:3      | Found a glowing golden altar of the Shining One.
  1833 | D:3      | HP: 1/29 [orc/+0 club (1)]
  1834 | D:3      | Slain by an orc

Illustrated notes

Levels and vault maps discovered:
D:1:      heliophobic_arrival_enchanted_forest, layout_loops_ring
D:2:      layout_rooms, basic_altar, basic_ecumenical_altar
D:3:      layout_loops_ring, nicolae_overflow_crystal_walls,
          nicolae_overflow_ecumenical_swirl, gammafunk_ghost_gnarly_gnolls,
          hex_medium

Skill      XL: |  1  2  3 |
---------------+----------+-----
Axes           | 3 |  3.9
Dodging        | 2 |  2.1
Fighting       | |  3.7
Armour         | |  2.4
Stealth        | |  0.2

Action                     |  1- 3 |  4- 6 || total
---------------------------+-------+-------++-------
  Melee: Hand axe          |   121 |    57 ||   178
         Punch             |     2 |     1 ||     3
 Invoke: Trog's Hand       |       |     1 ||     1
    Use: Scroll            |    10 |     1 ||    11
         Potion            |       |     7 ||     7
 Armour: Animal skin       |    19 |       ||    19
         Ring mail         |    85 |    64 ||   149
         Skin              |       |    10 ||    10
  Dodge: Dodged            |   109 |    47 ||   156

Table legend: (Time is in decaauts)
 A = Elapsed time spent in this place.
 B = Non-inter-level travel time spent in this place.
 C = Inter-level travel time spent in this place.
 D = Time resting spent in this place.
 E = Time spent auto-exploring this place.
 F = Levels seen in this place.
 G = Mean time per level.
                   A        B        C        D        E       F      G
               +--------+--------+--------+--------+--------+-----+--------+
         Total |   1859 |   1791 |     68 |      0 |   1209 |   3 |  619.7 |
       Dungeon |   1859 |   1791 |     68 |      0 |   1209 |   3 |  619.7 |
               +--------+--------+--------+--------+--------+-----+--------+

Top non-repeatable levels by time:
     D:1: 802 daAuts
     D:3: 545 daAuts
     D:2: 511 daAuts
